 Dungeon Crawl Stone Soup version 0.31-a0-426-g3a05650e59 (webtiles) character file.

Game seed: 7553089087754188327

79 mandarbmax the Shooter (level 4, -1/35 HPs)
             Began as a Draconian Hexslinger on July 30, 2023.
             Was a Follower of Makhleb.
             Killed by nerve-wracking pain
             ... invoked by a shadow imp
              (13 damage)
             ... on level 3 of the Dungeon.
             The game lasted 00:03:42 (1627 turns).

mandarbmax the Shooter (Draconian Hexslinger)       Turns: 1627, Time: 00:03:42

Health: -1/35      AC:  7    Str:  9 (11) XL:     4   Next: 17%
Magic:  5/5        EV: 12    Int: 12 (13) God:    Makhleb [*.....]
Gold:   53         SH:  0    Dex: 12 (15) Spells: 1/5 levels left

rFire   . . .        a - +1 sling
rCold   . . .        (no shield)
rNeg    . . .        (body armour unavailable)
rPois   .            (helmet restricted)
rElec   .            (no cloak)
rCorr   .            f - +0 pair of gloves
SInv    .            c - +0 pair of boots
Will    .....        (no amulet)
Stlth   +            (no ring)
HPRegen 0.25/turn    (no ring)
MPRegen 0.09/turn

%: no passive effects
@: no status effects
A: AC +5, unfitting armour, cold-blooded
a: Renounce Religion


You were on level 3 of the Dungeon.
You worshipped Makhleb.
Makhleb was aware of your devotion.
You visited 1 branch of the dungeon, and saw 3 of its levels.

You collected 53 gold pieces.

Inventory:

Hand Weapons
 a - a +1 sling (weapon)
Armour
 c - a +0 pair of boots (worn)
 f - a +0 pair of gloves (worn)
Scrolls
 b - 2 scrolls of poison
 e - a scroll of fog {unknown}
 g - a scroll of blinking {unknown}
 i - 2 scrolls of teleportation {unknown}
 j - a scroll of vulnerability {unknown}
 k - a scroll of revelation {unknown}
 l - 3 scrolls of brand weapon {unknown}
Potions
 d - a potion of degeneration


   Skills:
 - Level 1.1 Fighting
 + Level 4.1 Ranged Weapons
 - Level 1.7 Dodging
 - Level 1.0 Spellcasting
 - Level 2.6 Hexes


You had one spell level left.
You knew the following spells:

 Your Spells              Type           Power      Damage    Failure   Level
a - Slow                  Hex            28%        N/A       10%         1
b - Inner Flame           Hex/Fire       3%         N/A       45%         3

Your spell library contained the following spells:

 Spells                   Type           Power      Damage    Failure   Level
 Portal Projectile        Hex/Tloc       6%         N/A       45%         3
 Cause Fear               Hex            3%         N/A       69%         4


Dungeon Overview and Level Annotations

Branches:
Dungeon (3/15)

Altars:
Makhleb
Wu Jian

Shops:
D:1 (*


Innate Abilities, Weirdness & Mutations

Your plain brown scales are hard. (AC +5)
You cannot fit into any form of body armour.
You are cold-blooded and may be slowed by cold attacks.


Message History

You feel sick.
Fire: a) +1 sling
Press: ? - help, Q - select action, (/) - cycle Shift-Dir - straight line, f/p - orc
Aim: an orc, wielding a +3 short sword of venom and wearing a +0 leather armour (severely wounded, 57% to hit)
You shoot a sling bullet. The sling bullet hits the orc.
You kill the orc!
Makhleb accepts your kill.
You feel better.
You feel sick.
Unknown command.
You feel sick.
Things that are here:
a +3 short sword of venom; a +0 leather armour; an orc corpse You feel sick.
You feel sick.
You feel sick.
You are no longer poisoned.
Your magical contamination has completely faded away.
Magic restored.
HP restored.
An orc and an orc wizard come into view.
You shoot a sling bullet.
The sling bullet hits the orc wizard but does no damage.
The orc wizard shouts!
You shoot a sling bullet. The orc shouts!
The sling bullet hits the orc wizard but does no damage.
The orc wizard casts a spell at you. The puff of flame hits you!
An orc comes into view. It is wielding a +0 war axe.
The orc shouts!
A shadow imp comes into view.
The shadow imp shouts, "Go and return not, thou skyhacking wibble-sucking vulture!"
You hear a shout!
The shadow imp gestures at you. Pain shoots through your body!
A bat comes into view.
The shadow imp gestures at you. Pain shoots through your body!
You die...

..... ....#
.... ##......
...b ..# #.5
..# ## #.# #.#
...# #@# #.#
#...##.## #.#
#.....###.#
#...##...##.#
### #o.....#
#..o##.###
###.##..#
#o###.#########
..# #..........


You could see an orc wizard, a shadow imp, 2 orcs and a bat.

Vanquished Creatures
  4 adders (D:2)
  A worm (D:2)
  A dart slug (D:2)
  3 orcs (D:3)
  6 bats
  5 endoplasms
  A giant cockroach (D:2)
  2 goblins (D:2)
  A hobgoblin (D:2)
  A quokka (D:1)
  3 ball pythons
  4 frilled lizards
  3 kobolds
  2 rats (D:2)
37 creatures vanquished.

Notes
Turn   | Place    | Note
-------+----------+-------------------------------------------
     0 | D:1      | mandarbmax the Draconian Hexslinger began the quest for the
                  | Orb.
     0 | D:1      | Reached XP level 1. HP: 16/16 MP: 2/2
    58 | D:1      | Found a faded altar of an unknown god.
   116 | D:1      | Prayed at the altar of an unknown god.
   116 | D:1      | Became a worshipper of Makhleb the Destroyer
   116 | D:1      | Reached * piety under Makhleb
   140 | D:1      | Reached skill level 2 in Ranged Weapons
   267 | D:1      | Found Vacad's Antique Weapon Shoppe.
   298 | D:1      | Found Keapsama's General Store.
   451 | D:1      | Reached XP level 2. HP: 23/23 MP: 3/3
   643 | D:2      | Reached skill level 3 in Ranged Weapons
   797 | D:2      | Reached XP level 3. HP: 28/28 MP: 4/4
   810 | D:2      | Learned a level 3 spell: Inner Flame
  1260 | D:2      | Reached XP level 4. HP: 35/35 MP: 5/5
  1279 | D:2      | Reached skill level 4 in Ranged Weapons
  1285 | D:2      | Found an ornate altar of the Wu Jian Council.
  1627 | D:3      | Killed from afar by a shadow imp

Illustrated notes

Levels and vault maps discovered:
D:1:      dpeg_arrival_stonehenge_12_columns, layout_basic, serial_shops, shop,
          shop, dreamdust_ecumenical_altar_grove
D:2:      layout_basic, basic_altar
D:3:      layout_basic, fedhas_altar_4, nicolae_wu_jian_wuxing_cycle,
          nicolae_overflow_hidden_temple

Skill      XL: |  1  2  3  4 |
---------------+-------------+-----
Ranged Weapons | 2 3 4 |  4.1
Fighting       | |  1.1
Dodging        | |  1.7
Spellcasting   | |  1.0
Hexes          | |  2.6

Action                     |  1- 3 |  4- 6 || total
---------------------------+-------+-------++-------
   Fire: Sling             |   120 |    35 ||   155
   Cast: Slow              |     1 |     6 ||     7
    Use: Potion            |     3 |     1 ||     4
 Armour: Skin              |    39 |     5 ||    44
  Dodge: Dodged            |    52 |    13 ||    65

Table legend: (Time is in decaauts)
 A = Elapsed time spent in this place.
 B = Non-inter-level travel time spent in this place.
 C = Inter-level travel time spent in this place.
 D = Time resting spent in this place.
 E = Time spent auto-exploring this place.
 F = Levels seen in this place.
 G = Mean time per level.
                   A        B        C        D        E       F      G
               +--------+--------+--------+--------+--------+-----+--------+
         Total |   1663 |   1600 |     63 |      0 |   1293 |   3 |  554.3 |
       Dungeon |   1663 |   1600 |     63 |      0 |   1293 |   3 |  554.3 |
               +--------+--------+--------+--------+--------+-----+--------+

Top non-repeatable levels by time:
     D:2: 833 daAuts
     D:1: 619 daAuts
     D:3: 210 daAuts
